AoeStats
← Zeldrix

African Clearing

504882437Analyzed
3v3 RM · 25d ago on Sep 6, 2026· 56m 34s· 6 players
Game mode
Random Map
Map size
Normal (6 player)
Population
200
Speed
Normal
Resources
Standard
Victory
Conquest
Starting age
Dark Age
Ending age
Imperial Age
RankedLock teamsTeams togetherTeam positionsShared explorationLock speedFull tech treeHidden civsTurbo modeCheats
Victory
Defeat
🇨🇦 Bulgarians · Canada
1408
+14
🇺🇸 Khmer · United States
1290
+19
🇺🇸 Armenians · United States
1209
+22
🇨🇱 Cumans · Chile
1474
-24
🇨🇱 Koreans · Chile
1370
-19
🇨🇱 Poles · Chile
1207
-12
AP10
6:09 Loom
12:52 Feudal Age
13:33 Double-Bit Axe
13:30 Horse Collar
19:51 Wheelbarrow
19:02 Loom
25:32 Scale Barding Armor
25:50 Bloodlines
29:59 Castle Age
30:25 Forging
30:13 Light Cavalry
31:15 Chain Barding Armor
31:24 Bow Saw
32:12 Iron Casting
39:11 Imperial Age
38:37 Hand Cart
40:55 Gold Mining
42:26 Plate Barding Armor
41:34 Elite Steppe Lancer
46:45 Caravan
48:58 Coinage
49:30 Blast Furnace
50:30 Conscription
Paillash
5:37 Loom
14:14 Feudal Age
18:19 Double-Bit Axe
22:37 Castle Age
21:40 Fletching
35:15 Horse Collar
36:34 Wheelbarrow
41:58 Imperial Age
40:15 Hand Cart
43:19 Forging
42:44 Light Cavalry
43:24 Husbandry
48:29 Scale Barding Armor
49:00 Iron Casting
50:34 Elite War Wagon
53:11 Chain Barding Armor
54:41 Chemistry
54:02 Ballistics
55:50 Bodkin Arrow
Zeldrix
4:45 Loom
14:37 Feudal Age
17:15 Fletching
22:02 Bloodlines
25:36 Castle Age
25:47 Scale Barding Armor
29:40 Bodkin Arrow
33:55 Husbandry
41:02 Town Watch
41:44 Forging
43:54 Chain Barding Armor
44:47 Double-Bit Axe
49:14 Iron Casting
57:34 Imperial Age
Eden
6:48 Loom
12:40 Feudal Age
10:57 Loom
13:15 Double-Bit Axe
13:54 Loom
14:18 Fletching
21:16 Wheelbarrow
24:01 Castle Age
22:12 Horse Collar
23:05 Padded Archer Armor
24:43 Bodkin Arrow
27:11 Thumb Ring
29:14 Leather Archer Armor
36:53 Hand Cart
43:16 Imperial Age
41:39 Scale Barding Armor
41:44 Forging
42:48 Husbandry
42:58 Bloodlines
42:53 Gold Mining
42:53 Stone Mining
43:05 Town Watch
43:57 Iron Casting
44:05 Ballistics
45:26 Chain Barding Armor
46:06 Blast Furnace
45:11 Stirrups
46:30 Plate Barding Armor
46:08 Heavy Plow
46:00 Elite Konnik
47:48 Blast Furnace
47:39 Conscription
48:59 Chemistry
51:15 Coinage
50:45 Caravan
50:56 Arson
51:12 Squires
51:46 Scale Mail Armor
51:50 Bagains
52:26 Bow Saw
52:47 Crop Rotation
53:12 Banking
53:16 Siege Engineers
53:21 Masonry
53:42 Chain Mail Armor
53:33 Bracer
Rameranic
9:33 Loom
11:51 Feudal Age
13:50 Double-Bit Axe
19:39 Forging
20:10 Wheelbarrow
23:24 Castle Age
21:23 Horse Collar
22:38 Bloodlines
24:20 Heavy Plow
23:47 Light Cavalry
24:28 Husbandry
28:44 Scale Barding Armor
29:01 Bow Saw
31:14 Chain Barding Armor
33:28 Iron Casting
41:39 Imperial Age
41:27 Ballistics
42:58 Plate Barding Armor
41:45 Elite Ballista Elephant
42:27 Double Crossbow
42:51 Siege Engineers
45:09 Crop Rotation
46:04 Chemistry
47:39 Conscription
47:45 Conscription
FiveCatsATrebuchetandaDream
6:16 Loom
13:32 Feudal Age
14:22 Double-Bit Axe
17:28 Fletching
21:34 Castle Age
22:25 Bodkin Arrow
23:28 Padded Archer Armor
23:16 Crossbowman
27:57 Horse Collar
31:16 Wheelbarrow
30:55 Redemption
31:33 Bow Saw
35:00 Pikeman
36:14 Leather Archer Armor
36:37 Scale Mail Armor
40:22 Imperial Age
38:54 Forging
38:56 Gold Mining
39:53 Chain Mail Armor
39:36 Murder Holes
39:53 Halberdier
41:34 Conscription
42:21 Plate Mail Armor
42:42 Iron Casting
44:27 Bracer
49:38 Chemistry
49:17 Heavy Plow
49:27 Squires
50:11 Elite Composite Bowman
51:14 Ballistics
50:31 Man-at-Arms
50:56 Gambesons
52:35 Ring Archer Armor
51:28 Long Swordsman
54:40 Blast Furnace
54:25 Two-Handed Swordsman
55:15 Arson
55:05 Champion
55:53 Fereters
56:16 Hand Cart
Connection lost

Rejoining the realm…

Still unreachable

The connection could not be restored.

Session expired

The server has moved on; the page needs a fresh start.